Map: Site Delta LE

Players

ByuN

  • Race: Terran Terran
  • Spawn Location: 11:00

GuMiho - Winner!

  • Race: Terran Terran
  • Spawn Location: 5:00

VOD

Have the link to the VOD?

Description

Time

  • Played on: Oct. 16, 2023, 8:31 p.m.
  • Length: 5:15
Show
View Real Time Build Order
Export as new Build Order

ByuN Terran 

Build Orders:  

Get SALT Encoding   

  12  0:00  SCV  
  13  0:13  Supply Depot  
  13  0:17  SCV  
  14  0:35  Barracks  
  14  0:40  Refinery  
  14  0:52  Barracks  
  14  0:58  SCV  
  15  1:10  SCV  
  16  1:22  Reaper  
  16  1:23  Orbital Command  
  17  1:29  Refinery  
  17  1:40  Reaper  
  18  1:50  SCV  
  18  1:53  Supply Depot  
  19  1:58  Reaper  
  20  2:03  SCV  
  21  2:12  Reaper  
  21  2:15  SCV  
  23  2:28  Factory  
  22  2:32  SCV  
  22  2:34  Reaper  
  24  2:44  SCV  
  25  2:46  Reaper  
  26  2:56  SCV  
  24  3:06  Reaper  
  24  3:08  SCV  
  24  3:18  Reaper  
  25  3:20  SCV  
  25  3:24  Hellion  
  28  3:27  Supply Depot  
  28  3:29  Starport  
  28  3:32  SCV  
  29  3:40  Reaper  
  30  3:44  SCV  
  31  3:51  Hellion  
  31  3:52  Reaper  
  34  3:59  Supply Depot  
  34  4:01  SCV  
  35  4:07  Medivac  
  37  4:13  Reaper  
  38  4:21  Hellion, Supply Depot  
  38  4:22  SCV  
  41  4:25  Reaper  
  42  4:34  SCV  
  42  4:37  Starport Tech Lab  
  43  4:42  Hellion  
  45  4:46  SCV  
Show
View Real Time Build Order
Export as new Build Order

GuMiho Terran - Winner!

Build Orders:  

Get SALT Encoding   

  12  0:00  SCV  
  13  0:12  SCV  
  14  0:16  Supply Depot  
  14  0:24  SCV  
  15  0:38  SCV  
  15  0:40  Barracks  
  16  0:43  Refinery  
  16  0:50  SCV  
  17  0:59  Barracks  
  17  1:02  SCV  
  18  1:14  SCV  
  19  1:27  Reaper, Orbital Command  
  20  1:33  Supply Depot  
  20  1:46  Reaper  
  21  1:52  Refinery  
  21  1:53  SCV  
  22  2:05  Reaper, SCV  
  24  2:17  Marine, SCV  
  26  2:29  SCV  
  27  2:33  Factory  
  27  2:35  Marine  
  27  2:37  Marine  
  28  2:42  SCV  
  30  2:45  Supply Depot  
  30  2:53  Marine  
  31  3:06  Marine  
  31  3:07  SCV  
  31  3:11  Marine  
  32  3:15  Command Center  
  32  3:17  Cyclone  
  33  3:22  Starport  
  33  3:24  Marine  
  34  3:28  SCV  
  34  3:30  Barracks Reactor  
  35  3:35  Supply Depot  
  35  3:40  SCV  
  35  3:46  Marine  
  36  3:49  Factory Tech Lab  
  36  3:54  SCV  
  37  3:58  Starport Tech Lab  
  37  4:04  Marine  
  37  4:07  Siege Tank  
  37  4:09  SCV  
  42  4:11  Marine x2  
  42  4:16  Banshee  
  47  4:26  Marine  
  47  4:27  SCV  
  47  4:29  Marine x2  
  51  4:35  Supply Depot  
  51  4:39  Siege Tank  
  51  4:42  SCV  
  51  4:44  Marine  
  56  4:47  Marine  
  56  4:56  SCV  
Tags
 
Add a new tag
Caveats
  • Supply blocks, unpowered buildings, or Contaminate may cause inaccurate times.
  • Supply counts are checked every 10 seconds.